 Dungeon Crawl Stone Soup version 0.31-a0-1620-gcbf77bbcfc (webtiles) character file.

Game seed: 1436248887639370356

8 GordonOverkill the Sneak (level 2, -3/16 HPs)
             Began as a Spriggan Delver on Jan 11, 2024.
             Succumbed to an orc wizard's poison
             ... on level 6 of the Dungeon.
             The game lasted 00:00:27 (28 turns).

GordonOverkill the Sneak (Spriggan Delver)            Turns: 28, Time: 00:00:28

Health: -3/16      AC:  2    Str:  8    XL:     2   Next: 0%
Magic:  3/3        EV: 17    Int: 11    God:
Gold:   0          SH:  0    Dex: 16    Spells: 1/1 levels left

rFire   . . .        h - +1 war axe (flame)
rCold   . . .        (no shield)
rNeg    . . .        b - +0 robe
rPois   .            (helmet restricted)
rElec   .            (no cloak)
rCorr   .            (gloves unavailable)
SInv    +            (boots unavailable)
Will    .....        (no amulet)
Stlth   ++++         (no ring)
HPRegen 0.22/turn    (no ring)
MPRegen 0.08/turn

%: no passive effects
@: lethally poisoned (-3 -> -14), very quick
A: very small, no large weapons, unfitting armour, see invisible, speed 3
a: no special abilities


You were on level 6 of the Dungeon.
You visited 1 branch of the dungeon, and saw 2 of its levels.

Inventory:

Hand Weapons
 a - a +0 short sword
 h - a +1 war axe of flaming (weapon)
Armour
 b - a +0 robe (worn)
Wands
 g - a wand of digging (3)
Scrolls
 c - a scroll of fog
 d - a scroll of revelation
 e - a scroll of fear
Potions
 f - a potion of haste


   Skills:
 + Level 2.9 Fighting
 - Level 2.1 Short Blades
 - Level 2.6 Dodging
 - Level 7.2 Stealth


You had one spell level left.
You didn't know any spells.
Your spell library was empty.

Dungeon Overview and Level Annotations

Branches:
Dungeon (6/15)
 Temple: D:4-7

Altars:


Innate Abilities, Weirdness & Mutations

You are very small and have problems with some larger weapons.
You are too small for most types of armour.
You have supernaturally acute eyesight. (SInv)
You cover ground extremely quickly. (Speed+++)


Message History

You kill the orc!
You have reached level 2!
The orc wizard shouts!
Things that are here:
a +1 war axe of flaming; a +0 leather armour
h - a +1 war axe of flaming Your +1 war axe of flaming bursts into flame!
h - a +1 war axe of flaming (weapon)
You barely miss the orc wizard. The orc wizard closely misses you.
The orc wizard casts a spell at you.
You are confused.
You bump into the rock wall.
The orc wizard hits you with a +0 dagger of venom.
You are lethally poisoned!
You bump into the rock wall.
* * * LOW HITPOINT WARNING * * *
You feel very sick.
The orc wizard hits you with a +0 dagger of venom.
* * * LOW HITPOINT WARNING * * *
* * * LOW HITPOINT WARNING * * *
You feel sick.
Okay, then.
You're too confused to move!
* * * LOW HITPOINT WARNING * * *
You feel sick.
You hit the orc wizard. You burn the orc wizard.
The orc wizard is moderately wounded.
You feel less confused.
* * * LOW HITPOINT WARNING * * *
You feel sick. The orc wizard barely misses you.
The orc wizard closely misses you.
You closely miss the orc wizard.
The orc wizard is moderately wounded.
* * * LOW HITPOINT WARNING * * *
You feel sick.
The orc wizard hits you but does no damage.
You are more poisoned.
You slash the orc wizard! You burn the orc wizard.
You kill the orc wizard!
You die...

#........
#...##### #...#
#...# #
####...#....
#........#
#.#.#.#..#
#.?.........
#@##.##..##.
#))).....#
#....)###.##...
#.###### .#
#... .# ... .#


There were no monsters in sight!

Vanquished Creatures
  An orc wizard (D:6)
  4 orcs (D:6)
5 creatures vanquished.

Notes
Turn   | Place    | Note
-------+----------+-------------------------------------------
     0 | D:5      | GordonOverkill the Spriggan Delver began the quest for the
                  | Orb.
     0 | D:5      | Reached XP level 1. HP: 11/11 MP: 2/2
    15 | D:6      | Noticed an orc wizard
    18 | D:6      | Reached XP level 2. HP: 16/16 MP: 3/3
    28 | D:6      | Succumbed to an orc wizard's poison

Illustrated notes

Levels and vault maps discovered:
D:5:      layout_gridville
D:6:      layout_loops_cross, st_stairs_12

Action                     || total
---------------------------++-------
  Melee: Short sword       ||     4
         War axe           ||     4
   Stab: Sleeping          ||     4
 Armour: Robe              ||     3
  Dodge: Dodged            ||     3

Table legend: (Time is in decaauts)
 A = Elapsed time spent in this place.
 B = Non-inter-level travel time spent in this place.
 C = Inter-level travel time spent in this place.
 D = Time resting spent in this place.
 E = Time spent auto-exploring this place.
 F = Levels seen in this place.
 G = Mean time per level.
                   A        B        C        D        E       F      G
               +--------+--------+--------+--------+--------+-----+--------+
         Total |     22 |     22 |      0 |      0 |      0 |   2 |   11.0 |
       Dungeon |     22 |     22 |      0 |      0 |      0 |   2 |   11.0 |
               +--------+--------+--------+--------+--------+-----+--------+

Top non-repeatable levels by time:
     D:6: 21 daAuts
     D:5: 1 daAuts
